 Dungeon Crawl Stone Soup version 0.31-a0-859-g9dce7d3444 (webtiles) character file.

Game seed: 10040016729055315762

79 BinkBink the Ducker (level 4, -1/23 HPs)
             Began as a Spriggan Fighter on Oct 10, 2023.
             Slain by an adder (4 damage)
             ... in a sewer.
             The game lasted 00:04:19 (2378 turns).

BinkBink the Ducker (Spriggan Fighter)              Turns: 2378, Time: 00:04:20

Health: -1/23      AC:  3    Str: 12    XL:     4   Next: 16%
Magic:  5/5        EV: 18    Int:  9    God:
Gold:   83         SH:  5    Dex: 16    Spells: 3/3 levels left

rFire   . . .        p - +2 dagger (speed)
rCold   . . .        c - +0 buckler
rNeg    . . .        b - +0 robe
rPois   .            (helmet restricted)
rElec   .            k - +0 cloak
rCorr   .            (gloves unavailable)
SInv    +            (boots unavailable)
Will    .....        (no amulet)
Stlth   +            h - ring of flight
HPRegen 0.23/turn    (no ring)
MPRegen 0.09/turn

%: no passive effects
@: flying, very quick
A: very small, no large weapons, unfitting armour, see invisible, speed 3
a: no special abilities


You were in a sewer.
You visited 1 branch of the dungeon, and saw 3 of its levels.
You also visited: Sewer.

You collected 83 gold pieces.

Inventory:

Hand Weapons
 a - a +0 rapier
 p - a +2 dagger of speed (weapon)
Armour
 b - a +0 robe (worn)
 c - a +0 buckler (worn)
 k - a +0 cloak (worn)
Jewellery
 h - a ring of flight (left hand)
 q - a ring of protection from fire
Scrolls
 e - 2 scrolls of identify
 f - a scroll of enchant armour
 m - a scroll of blinking {unknown}
 n - a scroll of teleportation {unknown}
Potions
 d - 2 potions of might
 i - a potion of attraction {unknown}
 j - a potion of degeneration {unknown}
 l - a potion of heal wounds {unknown}


   Skills:
 + Level 2.8 Fighting
 * Level 3.5 Short Blades
 + Level 4.6 Dodging
 + Level 2.5 Shields


You had 3 spell levels left.
You didn't know any spells.
Your spell library was empty.

Dungeon Overview and Level Annotations

Branches:
Dungeon (3/15)              Sewer (1/1)

Altars:


Innate Abilities, Weirdness & Mutations

You are very small and have problems with some larger weapons.
You are too small for most types of armour.
You have supernaturally acute eyesight. (SInv)
You cover ground extremely quickly. (Speed+++)


Message History

You block the adder's attack. The ball python completely misses you.
The ball python grabs you. The ball python constricts you.
You block the adder's attack.
You escape the ball python's grasp.
You block the ball python's attack. The ball python grabs you.
The ball python constricts you. The adder closely misses you.
You escape the ball python's grasp.
The adder attacks as it pursues you! The adder barely misses you.
The adder attacks as it pursues you! The adder completely misses you.
The adder closely misses you. The adder closely misses you.
The adder attacks as it pursues you! The adder bites you.
You are poisoned.
The adder poisons you!
You feel sick. The adder attacks as it pursues you! The adder misses you.
You feel sick. The adder attacks as it pursues you!
You block the adder's attack.
As you read the scroll labelled LUNOPEDUSU, it crumbles to dust.
It is a scroll of identify.
f - a scroll of enchant armour You feel sick.
The adder closely misses you. The adder barely misses you.
The adder closely misses you.
Found a pink potion.
The kobold brigand shouts!
You hear a shout! x3
The adder attacks as it pursues you! The adder completely misses you.
The kobold brigand shouts!
You feel sick.
The kobold shouts! x3
The adder closely misses you.
You feel sick.
As you read the scroll labelled VYDURH PUYGE, it crumbles to dust.
It is a scroll of enchant weapon.
Your +1 dagger of speed glows red for a moment.
You feel sick.
You are no longer poisoned.
The adder bites you.
* * * LOW HITPOINT WARNING * * *
The adder closely misses you.
Found a pink potion.
The adder bites you.
You die...

##..~≈≈≈≈≈≈≈≈≈~...#
##+###≈≈≈≈l≈###+###
#≈≈≈≈≈≈#.....#
#≈≈≈≈≈≈#.....#
#≈≈≈≈r≈##.K.#
#≈≈≈l≈≈#KK.. #
#≈≈≈≈≈≈#KK# !#
##≈≈≈≈≈S##########
≈≈≈≈≈≈≈≈SSS≈@≈≈≈≈≈≈≈
≈≈≈≈≈≈≈≈≈≈SS≈≈≈≈≈≈≈≈
####################


You could see 3 kobold brigands, 3 adders, 3 ball pythons and 2 kobolds.

Vanquished Creatures
  2 adders (D:2)
  A river rat (Sewer)
  2 worms (D:3)
  A dart slug (D:2)
  An orc (D:3)
  4 ball pythons
  3 endoplasms (D:1)
  4 giant cockroaches
  A hobgoblin (D:1)
  7 kobolds
  4 quokkas
  2 bats
  3 frilled lizards
  4 goblins (D:2)
  3 rats
42 creatures vanquished.

Notes
Turn   | Place    | Note
-------+----------+-------------------------------------------
     0 | D:1      | BinkBink the Spriggan Fighter began the quest for the Orb.
     0 | D:1      | Reached XP level 1. HP: 11/11 MP: 2/2
   234 | D:1      | Reached XP level 2. HP: 16/16 MP: 3/3
  1203 | D:2      | Reached XP level 3. HP: 13/19 MP: 4/4
  2081 | D:3      | Found a glowing drain.
  2147 | D:3      | Reached XP level 4. HP: 10/23 MP: 5/5
  2159 | Sewer    | Entered a sewer
  2374 | Sewer    | Noticed a kobold brigand
  2374 | Sewer    | Noticed a kobold brigand
  2374 | Sewer    | Noticed a kobold brigand
  2378 | Sewer    | Slain by an adder

Illustrated notes

Levels and vault maps discovered:
D:1:      spicycebolla_arrival_xxxplode, layout_loops_corners
D:2:      layout_loops_ring
D:3:      layout_basic, cheibrodos_sewer_entry_bend
Sewer:    sewer_minmay_treatment

Skill      XL: |  1  2 |
---------------+-------+-----
Short Blades   | 3 |  3.5
Fighting       | |  2.8
Dodging        | |  4.6
Shields        | |  2.5

Action                     |  1- 3 |  4- 6 || total
---------------------------+-------+-------++-------
  Melee: Rapier            |   109 |       ||   109
         Dagger            |    35 |    19 ||    54
    Use: Scroll            |       |     3 ||     3
   Stab: Sleeping          |     6 |       ||     6
 Armour: Robe              |    28 |     5 ||    33
  Dodge: Dodged            |    71 |    25 ||    96
  Block: Buckler           |    17 |     7 ||    24

Table legend: (Time is in decaauts)
 A = Elapsed time spent in this place.
 B = Non-inter-level travel time spent in this place.
 C = Inter-level travel time spent in this place.
 D = Time resting spent in this place.
 E = Time spent auto-exploring this place.
 F = Levels seen in this place.
 G = Mean time per level.
                   A        B        C        D        E       F      G
               +--------+--------+--------+--------+--------+-----+--------+
         Total |   1670 |   1628 |     42 |    264 |    965 |   4 |  417.5 |
       Dungeon |   1490 |   1448 |     42 |    146 |    962 |   3 |  496.7 |
         Sewer |    180 |    180 |      0 |    118 |      3 |   1 |  180.0 |
               +--------+--------+--------+--------+--------+-----+--------+

Top non-repeatable levels by time:
     D:1: 756 daAuts
     D:2: 580 daAuts
   Sewer: 180 daAuts
     D:3: 153 daAuts
